 Dungeon Crawl Stone Soup version 0.21.0-3-g78d12a8bdd (webtiles) character file.

773 McKennaii the Vexing (level 7, -6/53 HPs)
             Began as a Gnoll Arcane Marksman on Jan 9, 2018.
             Mangled by a centaur
             ... wielding a cursed +0 shortbow
              (7 damage)
             ... on level 4 of the Dungeon.
             The game lasted 00:12:17 (5143 turns).

McKennaii the Vexing (Gnoll Arcane Marksman)        Turns: 5143, Time: 00:12:18

Health: -6/53      AC:  5    Str: 12    XL:     7   Next: 83%
Magic:  12/12      EV: 15    Int: 16    God:
Gold:   126        SH:  0    Dex: 17    Spells: 7/13 levels left

rFire    + . .     SeeInvis .   s - +1 whip (freeze)
rCold    + . .     Gourm    .   (no shield)
rNeg     . . .     Faith    .   m - +2 robe {rC+ rF+}
rPois    .         Spirit   .   (no helmet)
rElec    .         Reflect  .   q - +0 cloak
rCorr    .         Harm     .   (no gloves)
MR       .....                  (no boots)
Stlth    ++........             (no amulet)
HPRegen  0.17/turn              (no ring)
MPRegen  0.13/turn              (no ring)

@: no status effects
A: distributed training, fangs 1, strong nose
a: no special abilities


You were on level 4 of the Dungeon.
You were hungry.

You visited 1 branch of the dungeon, and saw 4 of its levels.

You collected 126 gold pieces.

Inventory:

Hand Weapons
 a - a +0 shortbow
 s - a +1 whip of freezing (weapon)
Missiles
 d - 18 arrows
Armour
 m - a +2 robe of resistance (worn)
 q - a +0 cloak (worn)
Scrolls
 b - 4 scrolls of identify
 g - a scroll of fear
 i - 4 scrolls of teleportation
 k - a scroll of fog {unknown}
 l - a scroll of remove curse {unknown}
 n - a scroll of immolation {unknown}
 o - a scroll of enchant weapon {unknown}
Books
 c - a book of Debilitation

   Spells                             Type                      Level
   a - Corona                         Hexes                        1
   b - Slow                           Hexes                        2
   c - Inner Flame                    Hexes/Fire                   3
   d - Portal Projectile              Hexes/Translocation          3
   e - Cause Fear                     Hexes                        4
   f - Leda's Liquefaction            Hexes/Earth                  4
Comestibles
 f - 4 rations


   Skills:
 + Level 3.8 Fighting
 + Level 2.7 Short Blades
 + Level 2.7 Long Blades
 + Level 2.7 Axes
 + Level 2.7 Maces & Flails
 + Level 2.7 Polearms
 + Level 2.7 Staves
 + Level 2.7 Slings
 + Level 5.3 Bows
 + Level 2.7 Crossbows
 + Level 2.7 Throwing
 + Level 2.7 Armour
 + Level 5.3 Dodging
 + Level 2.7 Stealth
 + Level 2.7 Shields
 + Level 2.7 Unarmed Combat
 + Level 3.9 Spellcasting
 + Level 2.2 Conjurations
 + Level 5.9 Hexes
 + Level 2.2 Charms
 + Level 2.2 Summonings
 + Level 2.2 Necromancy
 + Level 2.2 Translocations
 + Level 2.2 Transmutations
 + Level 2.2 Fire Magic
 + Level 2.2 Ice Magic
 + Level 2.2 Air Magic
 + Level 2.2 Earth Magic
 + Level 2.2 Poison Magic
 + Level 3.0 Invocations
 + Level 2.7 Evocations


You had 7 spell levels left.
You knew the following spells:

 Your Spells              Type           Power        Failure   Level  Hunger
a - Corona                Hex            ###....      1%          1    None
b - Slow                  Hex            ###.....     2%          2    ##.....
c - Portal Projectile     Hex/Tloc       ###...       10%         3    ###....


Dungeon Overview and Level Annotations

Branches:
Dungeon (4/15)
 Temple: D:4-7

Altars:
Nemelex Xobeh


Innate Abilities, Weirdness & Mutations

Your experience applies equally to all skills.
You have very sharp teeth.
Your uncanny sense of smell can sniff out nearby items.


Message History

Okay, then.
Unknown command.
You start resting.
The centaur shoots an arrow.
The arrow barely misses you. The centaur hits you with a shortbow.
* * * LOW HITPOINT WARNING * * *
You hit the centaur. You freeze the centaur. You punch the centaur.
The centaur is heavily wounded.
The centaur hits you with a shortbow!
* * * LOW HITPOINT WARNING * * *
You hit the centaur but do no damage.
The centaur is heavily wounded.
The centaur barely misses you. The centaur closely misses you.
You hit the centaur. You freeze the centaur.
The centaur is severely wounded.
The centaur hits you but does no damage.
You hit the centaur but do no damage. You bite the centaur.
The centaur is severely wounded.
The centaur hits you with a shortbow!
You die...

########## ###.....(@.#
#.....####c# #.#.......p#
###.#.....#..#
#............#
#...........###############
#....#.#...........##.....#
#....%.#...........##...<.##
***#....##.#..)....##.......


You could see a freed slave and a centaur.

Vanquished Creatures
  Pikel (D:3)
  A bullfrog zombie (D:3)
  A hound (D:4)
  Crazy Yiuf (D:3)
  An orc wizard (D:4)
  4 gnolls (D:3)
  5 adders
  An ooze (D:3)
  4 dart slugs
  3 leopard geckos
  2 orcs
  2 giant cockroaches
  9 goblins
  8 hobgoblins
  16 jackals
  3 quokkas (D:2)
  4 ball pythons
  11 bats
  3 frilled lizards
  6 kobolds
  9 rats
95 creatures vanquished.

Vanquished Creatures (others)
  An orc wizard (D:4)
  A dart slug (D:4)
  An orc (D:4)
  A quokka (D:4)
4 creatures vanquished.

Grand Total: 99 creatures vanquished

Notes
Turn   | Place    | Note
-------+----------+-------------------------------------------
     0 | D:1      | McKennaii the Gnoll Arcane Marksman began the quest for the Orb.
     0 | D:1      | Reached XP level 1. HP: 17/17 MP: 4/4
    90 | D:1      | Reached XP level 2. HP: 21/23 MP: 5/5
   416 | D:1      | Reached XP level 3. HP: 23/28 MP: 7/7
   995 | D:1      | Learned a level 2 spell: Slow
   999 | D:1      | Learned a level 3 spell: Portal Projectile
  1037 | D:2      | Reached skill level 1 in Invocations
  1168 | D:2      | Reached skill level 1 in Short Blades
  1168 | D:2      | Reached skill level 1 in Long Blades
  1168 | D:2      | Reached skill level 1 in Axes
  1168 | D:2      | Reached skill level 1 in Maces & Flails
  1168 | D:2      | Reached skill level 1 in Polearms
  1168 | D:2      | Reached skill level 1 in Staves
  1168 | D:2      | Reached skill level 1 in Slings
  1168 | D:2      | Reached skill level 1 in Crossbows
  1168 | D:2      | Reached skill level 1 in Throwing
  1168 | D:2      | Reached skill level 1 in Armour
  1168 | D:2      | Reached skill level 1 in Stealth
  1168 | D:2      | Reached skill level 1 in Shields
  1168 | D:2      | Reached skill level 1 in Unarmed Combat
  1168 | D:2      | Reached skill level 1 in Evocations
  1393 | D:2      | Reached XP level 4. HP: 32/34 MP: 8/8
  2445 | D:2      | Reached skill level 1 in Conjurations
  2445 | D:2      | Reached skill level 1 in Charms
  2445 | D:2      | Reached skill level 1 in Summonings
  2445 | D:2      | Reached skill level 1 in Necromancy
  2445 | D:2      | Reached skill level 1 in Translocations
  2445 | D:2      | Reached skill level 1 in Transmutations
  2445 | D:2      | Reached skill level 1 in Fire Magic
  2445 | D:2      | Reached skill level 1 in Ice Magic
  2445 | D:2      | Reached skill level 1 in Air Magic
  2445 | D:2      | Reached skill level 1 in Earth Magic
  2445 | D:2      | Reached skill level 1 in Poison Magic
  3135 | D:3      | Reached XP level 5. HP: 27/40 MP: 9/9
  3359 | D:3      | Found a sparkling altar of Nemelex Xobeh.
  4159 | D:3      | Found a runed door.
  4251 | D:3      | Reached XP level 6. HP: 41/47 MP: 10/10
  4505 | D:3      | Noticed Crazy Yiuf
  4518 | D:3      | Killed Crazy Yiuf
  4646 | D:4      | Noticed a slave
  4647 | D:4      | Noticed Pikel
  4647 | D:4      | Noticed a slave
  4648 | D:4      | Noticed a slave
  4689 | D:3      | HP: 1/47 [Pikel/whip of freezing (2)]
  4710 | D:3      | Killed Pikel
  4710 | D:3      | Reached skill level 5 in Bows
  4710 | D:3      | Reached skill level 5 in Dodging
  4710 | D:3      | Reached XP level 7. HP: 4/53 MP: 9/12
  5093 | D:4      | HP: 2/53 [centaur/arrow (6)]
  5140 | D:4      | HP: 1/53 [centaur/shortbow (8)]
  5143 | D:4      | Mangled by a centaur

Skill      XL: |  1  2  3  4  5  6  7 |
---------------+----------------------+-----
Invocations    | 1 2 3 |  3.0
Short Blades   | 1 2 |  2.7
Long Blades    | 1 2 |  2.7
Axes           | 1 2 |  2.7
Maces & Flails | 1 2 |  2.7
Polearms       | 1 2 |  2.7
Staves         | 1 2 |  2.7
Slings         | 1 2 |  2.7
Crossbows      | 1 2 |  2.7
Throwing       | 1 2 |  2.7
Armour         | 1 2 |  2.7
Stealth        | 1 2 |  2.7
Shields        | 1 2 |  2.7
Unarmed Combat | 1 2 |  2.7
Evocations     | 1 2 |  2.7
Spellcasting   | 3 |  3.9
Conjurations   | 1 2 |  2.2
Charms         | 1 2 |  2.2
Summonings     | 1 2 |  2.2
Necromancy     | 1 2 |  2.2
Translocations | 1 2 |  2.2
Transmutations | 1 2 |  2.2
Fire Magic     | 1 2 |  2.2
Ice Magic      | 1 2 |  2.2
Air Magic      | 1 2 |  2.2
Earth Magic    | 1 2 |  2.2
Poison Magic   | 1 2 |  2.2
Fighting       | 3 |  3.8
Bows           | 5 |  5.3
Dodging        | 5 |  5.3
Hexes          | |  5.9

Action                   |  1- 3 |  4- 6 |  7- 9 || total
-------------------------+-------+-------+-------++-------
Melee: Unarmed           |   128 |   323 |       ||   451
       Bite              |    11 |    38 |     3 ||    52
       Punch             |       |     2 |     1 ||     3
       Quarterstaff      |       |    12 |       ||    12
       Whip              |       |       |    32 ||    32
 Fire: Shortbow          |    55 |    49 |       ||   104
 Cast: Slow              |       |     6 |       ||     6
  Use: Potion            |       |     2 |       ||     2
       Scroll            |       |       |     5 ||     5
 Stab: Sleeping          |     3 |     6 |       ||     9
       Distracted        |       |     1 |     1 ||     2
  Eat: Chunk             |     1 |     8 |     1 ||    10
       Ration            |       |     1 |       ||     1
Armor: Robe              |    25 |    46 |    11 ||    82
Dodge: Dodged            |   122 |   359 |    26 ||   507
